 Dungeon Crawl Stone Soup version 0.17-a0-1949-g1acca9a (webtiles) character file.

74 Ordine the Twirler (level 4, -3/37 HPs)
             Began as a Minotaur Gladiator on Oct 2, 2015.
             Killed from afar by a white imp (9 damage)
             ... with a puff of frost
             ... summoned by Natasha
             ... on level 2 of the Dungeon.
             The game lasted 00:03:02 (1524 turns).

Ordine the Twirler (Minotaur Gladiator)             Turns: 1524, Time: 00:03:02

Health: -3/37      AC:  5    Str: 20    XL:     4   Next: 10%
Magic:  3/3        EV: 12    Int:  5    God:
Gold:   86         SH:  0    Dex: 11    Spells: 0 memorised, 3 levels left

rFire  . . .     SeeInvis .     a - +0 quarterstaff
rCold  . . .     Clarity  .     b - +1 leather armour
rNeg   . . .     SustAt   .     (no shield)
rPois  .         Gourm    .     c - +0 hat
rElec  .         Spirit   .     (no cloak)
rCorr  .         Warding  .     o - +0 pair of gloves
rMut   .         Stasis   .     (no boots)
MR     .....                    (no amulet)
Stlth  +.........               (no ring)
                                (no ring)

@: confused, not resistant to hostile enchantments, very unstealthy
A: retaliatory headbutt, horns 2
a: no special abilities


You were on level 2 of the Dungeon.
You were hungry.

You visited 1 branch of the dungeon, and saw 2 of its levels.

You collected 86 gold pieces.

Inventory:

Hand weapons
 a - a +0 quarterstaff (weapon)
Missiles
 d - 3 throwing nets (quivered)
Armour
 b - a +1 leather armour (worn)
 c - a +0 hat (worn)
 o - a +0 pair of gloves (worn)
Scrolls
 k - 2 scrolls of enchant armour
 n - 2 scrolls of teleportation
 p - a scroll of immolation
Potions
 f - a potion of brilliance
 g - a potion of curing {unknown}
 h - a potion of resistance
 i - a potion of ambrosia {unknown}
 j - a potion of mutation {unknown}
Comestibles
 e - a bread ration
 m - 4 fruits


   Skills:
 - Level 2.4 Fighting
 + Level 6.0 Staves
 - Level 2.0 Throwing
 - Level 3.2 Dodging


You had 3 spell levels left.
You didn't know any spells.

Dungeon Overview and Level Annotations

Branches:
Dungeon (2/15)

Altars:

Annotations:
D:2 Natasha


Innate Abilities, Weirdness & Mutations

You reflexively headbutt those who attack you in melee.
You have a pair of horns on your head.


Message History

The iron imp hits you.
Natasha casts a spell.
You barely miss Natasha. The iron imp hits you. Natasha claws you.
* * * LOW HITPOINT WARNING * * *
The white imp gestures at you. The puff of frost misses you.
You barely miss Natasha. Natasha barely misses you. The iron imp hits you.
* * * LOW HITPOINT WARNING * * *
The white imp gestures at you. The puff of frost misses you.
You hit Natasha but do no damage.
You feel less confused.
Natasha mumbles some strange words.
You feel disoriented.
Natasha zaps a wand.
You are confused.
The iron imp barely misses you. The white imp gestures at you.
The puff of frost hits you!
You die...

####...........##.#####.# #.#.# #
..................# .. #.#.###
#######........#######.. ..#....
########.......... #######
#............. #....
#..).........# #.### #########
#............# .#.# # ........#
#.)...5......###.#.###
........####....@h...............
..........................+....#.
[.................5.......######.
...........)...(..(..............
..............#######.....######.
.............(.... #.....######.
................... #..........#.
...#####...........##..........#.
...# #...........##..........#.


You could see an iron imp, Natasha and a white imp.

Vanquished Creatures
  Natasha (twice) (D:2)
  A worm (D:2)
  3 giant cockroaches
  7 goblins
  9 hobgoblins
  6 bats (D:1)
  2 giant newts
  4 kobolds
  2 rats (D:1)
36 creatures vanquished.

Notes
Turn   | Place    | Note
--------------------------------------------------------------
     0 | D:1      | Ordine the Minotaur Gladiator began the quest for the Orb.
     0 | D:1      | Reached XP level 1. HP: 18/18 MP: 0/0
    26 | D:1      | Reached skill level 4 in Staves
    92 | D:1      | Reached XP level 2. HP: 23/25 MP: 1/1
   609 | D:1      | Reached skill level 5 in Staves
   740 | D:2      | Reached XP level 3. HP: 27/30 MP: 2/2
  1178 | D:2      | Noticed Natasha
  1185 | D:2      | Killed Natasha
  1328 | D:2      | Noticed Natasha
  1336 | D:2      | Killed Natasha
  1336 | D:2      | Reached skill level 6 in Staves
  1336 | D:2      | Reached XP level 4. HP: 7/37 MP: 3/3
  1510 | D:2      | Noticed Natasha
  1524 | D:2      | Killed from afar by a white imp

Vault maps used:
D:1:      dpeg_arrival_simpleton_a
D:2:      minmay_misc_feat_cross, uniq_natasha

Action                   |  1- 3 |  4- 6 || total
-------------------------+-------+-------++-------
Melee: Quarterstaff      |    58 |     4 ||    62
  Use: Scroll            |     7 |       ||     7
  Eat: Chunk             |     1 |       ||     1
